 Dungeon Crawl Stone Soup version 0.15.2 (webtiles) character file.

133 magipi the Chopper (level 5, 0/42 HPs)
             Began as a Hill Orc Gladiator on June 30, 2016.
             Was a Follower of Elyvilon.
             Killed from afar by Natasha (3 damage)
             ... with a magic dart
             ... on Level 4 of the Dungeon.
             The game lasted 00:17:19 (3166 turns).

magipi the Chopper (Hill Orc Gladiator)             Turns: 3166, Time: 00:17:19

HP   0/42        AC 10     Str 18      XL: 5   Next: 16%
MP   6/6         EV  6     Int  8      God: Elyvilon [*.....]
Gold 54          SH  0     Dex 12      Spells:  0 memorised,  4 levels left

rFire  . . .     SeeInvis .     a - +0 war axe
rCold  . . .     Clarity  .     b - +0 chain mail
rNeg   . . .     rCorr    .     (no shield)
rPois  .         rRot     .     c - +0 helmet
rElec  .         Spirit   .     (no cloak)
SustAb .         Warding  .     x - +0 pair of gloves
rMut   .         Stasis   .     (no boots)
Gourm  .                        (no amulet)
MR     .....                    (no ring)
                                i - ring of stealth

@: slowed, very slow, not resistant to hostile enchantments, extremely
unstealthy
A: no striking features
a: Lesser Healing, Lesser Self-Healing, Divine Protection, Renounce Religion


You were on level 4 of the Dungeon.
You worshipped Elyvilon.
Elyvilon was aware of your devotion.
You were not hungry.

You visited 1 branch of the dungeon, and saw 4 of its levels.

You collected 204 gold pieces.
You spent 150 gold pieces at shops.

Inventory:

Hand weapons
 a - a +0 war axe (weapon)
Missiles
 d - 3 throwing nets (quivered)
 r - 27 poisoned needles
Armour
 b - a +0 chain mail (worn)
 c - a +0 helmet (worn)
 x - a +0 pair of gloves (worn)
Comestibles
 f - 4 meat rations
 m - 2 beef jerkies
 t - 7 fruits
 A - a bread ration
Scrolls
 g - 2 scrolls of remove curse
 h - 3 scrolls of identify
 j - 2 scrolls of immolation
 k - a scroll of fear {unknown}
 n - a scroll of noise {unknown}
 p - a scroll of teleportation {unknown}
 q - 2 scrolls of enchant weapon {unknown}
 u - a scroll of blinking {unknown}
 v - 2 scrolls of magic mapping {unknown}
 y - a scroll of recharging {unknown}
Jewellery
 i - a ring of stealth (left hand)
Potions
 e - 3 potions of invisibility
 l - a potion of cure mutation {unknown}
 o - 4 potions of curing {unknown}
 s - 2 potions of magic {unknown}
 w - a potion of porridge
 z - a potion of heal wounds {unknown}


   Skills:
 - Level 2.4 Fighting
 + Level 6.1 Axes
 - Level 3.2 Throwing
 - Level 2.4 Dodging
 + Level 2.2 Invocations


You had 4 spell levels left.
You didn't know any spells.

Dungeon Overview and Level Annotations

Branches:
Dungeon (4/15)
 Temple: D:4-7

Altars:
Elyvilon

Shops:
D:4 *

Annotations:
D:3 Grinder, Sigmund
D:4 Blork the orc, Natasha

Vault maps used:
D:1:      dpeg_arrival_triangle_fractal, minmay_quantized
D:3:      elyvilon_altar_4, uniq_sigmund, uniq_grinder
D:4:      kennysheep_six_static_rooms, first_bread, serial_shops,
          kennysheep_mini_moat, uniq_natasha, uniq_blork_the_orc


Message History

You continue eating. x2
Put on which piece of jewellery? (? for menu, Esc to quit)
Okay, then.
Unknown command.
Read which item? (? for menu, Esc to quit)
As you read the scroll labeled MULUUPHIQU, it crumbles to dust.
It is a scroll of identify.
Identify which item? (\ to view known items) (? for menu, Esc to quit)
e - 2 potions of invisibility Read which item? (? for menu, Esc to quit)
As you read the scroll labeled EFOSYT EVVIYS, it crumbles to dust.
You feel forgetful for a moment.
It was a scroll of amnesia.
Read which item? (? for menu, Esc to quit)
As you read the scroll labeled DEURIO CEACEOCW, it crumbles to dust.
You feel as if something is helping you.
It was a scroll of remove curse.
Drop what? (_ for help) (? for menu, Esc to quit)
You remove the ring of Kockexiz {Ice Dex-5}.
You drop the ring of Kockexiz {Ice Dex-5}.
Read which item? (? for menu, Esc to quit)
As you read the scroll labeled KLIUQIMIDU, it crumbles to dust.
The air around you briefly surges with heat, but it dissipates.
It was a scroll of immolation.
Drop what? (_ for help) (? for menu, Esc to quit)
You drop 2 scrolls of amnesia.
Found a meat ration.
f - 4 meat rations (gained 1)
Found a potion of invisibility.
e - 3 potions of invisibility (gained 1)
Found an escape hatch in the floor.
There is an escape hatch in the floor here.
Found a bread ration.
A - a bread ration Natasha hisses angrily.
Natasha is too close now for your liking.
Unknown command.
Natasha stares at you and mumbles some strange words.
The magic dart hits you!
Your chain mail prevents you from hitting Natasha.
Natasha barely misses you. x2
You barely miss Natasha. Natasha claws you but does no damage.
You closely miss Natasha. Natasha barely misses you.
Your chain mail prevents you from hitting Natasha.
Natasha casts a spell at you. The magic dart hits you!
You completely miss Natasha.
Natasha mumbles some strange words.
Your chain mail prevents you from hitting Natasha.
Natasha claws you. x2
Your chain mail prevents you from hitting Natasha.
Natasha mewls in sadness.
Natasha mumbles some strange words.
You closely miss Natasha. Natasha claws you but does no damage.
You completely miss Natasha. Natasha casts a spell at you.
The magic dart hits you!
You slash Natasha!
Natasha is severely wounded.
The crimson imp sputters.
The crimson imp blinks!
Natasha gestures.
You have a terrible headache.
Natasha claws you but does no damage.
The crimson imp lashes its tail.
The crimson imp hits you.
You barely miss Natasha.
Natasha is severely wounded.
Natasha casts a spell at you.
You feel yourself slow down. The crimson imp barely misses you.
Natasha claws you.
Unknown command.
You hit Natasha but do no damage.
Natasha is heavily wounded.
The crimson imp hits you. Natasha claws you. The crimson imp barely misses you.
Unknown command.
You closely miss Natasha.
Natasha is heavily wounded.
Natasha claws you!
* * * LOW HITPOINT WARNING * * *
The crimson imp hits you but does no damage.
Natasha claws you but does no damage.
You closely miss Natasha.
Natasha is heavily wounded.
The crimson imp shouts, "Scamper home, thou errant folly-fallen minnow reeky!"
The crimson imp barely misses you. Natasha barely misses you.
The crimson imp hits you but does no damage.
Natasha growls.
Natasha casts a spell.
You miss Natasha.
Natasha is heavily wounded.
The crimson imp disappears in a puff of smoke!
Natasha claws you but does no damage. Natasha barely misses you.
Unknown command.
You hit Natasha.
Natasha is almost dead.
Natasha claws you.
* * * LOW HITPOINT WARNING * * *
Natasha stares at you and mumbles some strange words.
The magic dart hits you!
You die...

##.####..###<##
#.#####.##...##.
#.......#.....#.### #
##...................
..##>#######.......####
#.. #....# #.......## .#..
#....## #..##..## ..#..
#.##..## ##.###..# .....#
.# ##..###.....ยง@##
..#.... #
##..#...#####h###...#
...## ##...### ##5....#
#..## ##.## #5....# #<.#
####.### ......### ##..
#......### #.h....##..
##.#
#....##.....####..#....#..
#..# ####
#.#.......#####.....###.##
#.#####...# #........#


You could see Natasha, a crimson imp and a white imp.

Table legend:
 A = Kills in this place as a percentage of kills in entire the game.
 B = Kills by you in this place as a percentage of kills by you in the entire game.
 C = Kills by friends in this place as a percentage of kills by friends in the entire game.
 D = Other kills in this place as a percentage of other kills in the entire game.
 E = Experience gained in this place as a percentage of experience gained in the entire game.
 F = Experience gained in this place divided by the number of levels of this place that you have seen.
                   A       B       C       D       E      F
               +-------+-------+-------+-------+-------+----------------------
         Total | 100.0 | 100.0 |  -nan |  -nan | 100.0 |  47.8
       Dungeon | 100.0 | 100.0 |  -nan |  -nan | 100.0 |  47.8
               +-------+-------+-------+-------+-------+----------------------

Vanquished Creatures
  4 adders
  3 gnolls (D:3)
  A giant mite (D:4)
  2 giant geckos
  An orc (D:3)
  10 goblins
  8 hobgoblins
  4 jackals (D:2)
  9 kobolds
  10 bats
  7 giant newts
  A hobgoblin skeleton (D:4)
  4 rats
64 creatures vanquished.

Notes
Turn   | Place    | Note
--------------------------------------------------------------
     0 | D:1      | magipi, the Hill Orc Gladiator, began the quest for the Orb.
     0 | D:1      | Reached XP level 1. HP: 18/18 MP: 1/1
   249 | D:1      | Reached XP level 2. HP: 25/25 MP: 2/2
   908 | D:2      | Reached XP level 3. HP: 26/30 MP: 3/3
   966 | D:2      | Reached skill level 5 in Axes
  1468 | D:2      | Reached XP level 4. HP: 37/37 MP: 4/4
  1746 | D:3      | Found a white marble altar of Elyvilon.
  1754 | D:3      | Became a worshipper of Elyvilon the Healer
  2375 | D:3      | Acquired Elyvilon's first power
  2394 | D:3      | Reached skill level 1 in Invocations
  2432 | D:3      | Noticed Grinder
  2497 | D:4      | Noticed Blork the orc
  2636 | D:3      | Noticed Sigmund
  2772 | D:4      | Noticed Natasha
  2809 | D:4      | Reached XP level 5. HP: 40/42 MP: 2/6
  2833 | D:4      | Reached skill level 6 in Axes
  3042 | D:4      | Found Syva's Assorted Antiques.
  3045 | D:4      | Bought a smoking ivory ring for 150 gold pieces
  3046 | D:4      | Identified the cursed ring of Kockexiz {Ice Dex-5} (You bought it in a shop on level 4 of the Dungeon)
  3166 | D:4      | Killed from afar by Natasha

Action                   |  1- 3 |  4- 6 || total
-------------------------+-------+-------++-------
Melee: War axe           |   140 |   114 ||   254
Invok: Lesser Healing    |       |     5 ||     5
  Use: Scroll            |       |     4 ||     4
  Eat: Chunk             |     2 |     6 ||     8

Action                   |  1- 3 |  4- 6 || total
-------------------------+-------+-------++-------
Melee: War axe           |   140 |   114 ||   254
Invok: Lesser Healing    |       |     5 ||     5
  Use: Scroll            |       |     4 ||     4
  Eat: Chunk             |     2 |     6 ||     8
